 Dungeon Crawl Stone Soup version 0.29.1-15-g9cfb28693d (webtiles) character file.

Game seed: 11280638566537055786

2390 Cheops the Carver (level 9, -6/61 HPs)
             Began as a Demonspawn Gladiator on Apr 13, 2023.
             Mangled by a water moccasin (7 damage)
             ... on level 7 of the Dungeon.
             The game lasted 00:20:39 (7175 turns).

Cheops the Carver (Demonspawn Gladiator)            Turns: 7175, Time: 00:20:39

Health: -6/61      AC:  7    Str: 15    XL:     9   Next: 22%
Magic:  9/9        EV:  9    Int:  9    God:
Gold:   295        SH: 11    Dex: 19    Spells: 8/8 levels left

rFire   . . .      SeeInvis .   a - +0 long sword
rCold   . . .      Faith    .   k - +0 kite shield
rNeg    . . .      Spirit   .   x - +0 scale mail
rPois   .          Reflect  .   (helmet restricted)
rElec   .          Harm     .   (no cloak)
rCorr   .          Rampage  .   (no gloves)
Will    .....                   l - +0 pair of boots
Stlth   ..........              (no amulet)
HPRegen 0.20/turn               (no ring)
MPRegen 0.11/turn               (no ring)

@: lethally poisoned (-6 -> -30)
A: horns 2, foul stench 1, powered by death 2
a: no special abilities


You were on level 7 of the Dungeon.
You visited 1 branch of the dungeon, and saw 7 of its levels.
You also visited: Ossuary.

You collected 373 gold pieces.
You spent 78 gold pieces at shops.

Inventory:

Hand Weapons
 a - a +0 long sword (weapon)
Missiles
 d - 4 throwing nets (quivered)
 e - a javelin
Armour
 b - a +0 leather armour
 k - a +0 kite shield (worn)
 l - a +0 pair of boots (worn)
 x - a +0 scale mail (worn)
Jewellery
 g - a ring of ice
 E - a ring of resist corrosion
Wands
 u - a wand of roots (15)
 D - a wand of quicksilver (11)
Scrolls
 i - 3 scrolls of amnesia
 n - 2 scrolls of magic mapping {unknown}
 p - 2 scrolls of teleportation
 w - a scroll of fear
 y - 2 scrolls of silence {unknown}
 z - 2 scrolls of butterflies {unknown}
 A - a scroll of torment {unknown}
 B - 2 scrolls of vulnerability {unknown}
Potions
 c - 2 potions of berserk rage {unknown}
 f - a potion of might {unknown}
 h - 4 potions of attraction {unknown}
 j - 2 potions of mutation {unknown}
 m - 2 potions of heal wounds
 o - 5 potions of curing {unknown}
 q - 2 potions of lignification {unknown}
 r - 3 potions of flight {unknown}
 s - a potion of brilliance {unknown}
 v - a potion of invisibility {unknown}
 C - a potion of haste {unknown}
Miscellaneous
 t - a phantom mirror (inert)


   Skills:
 - Level 2.0 Fighting
 - Level 10.0 Long Blades
 - Level 1.7 Throwing
 * Level 3.2 Dodging
 + Level 5.7 Shields


You had 8 spell levels left.
You didn't know any spells.
Your spell library contained the following spells:

 Spells                   Type           Power      Damage    Failure   Level
 Magic Dart               Conj           0%         1d3       99%         1
 Call Imp                 Summ           0%         N/A       100%        2
 Mephitic Cloud           Conj/Pois/Air  0%         N/A       100%        3


Dungeon Overview and Level Annotations

Branches:
Dungeon (7/15)            Ossuary (visited)
 Temple: D:4-7

Altars:
Fedhas
Kikubaaqudgha
Qazlal
Ru
Trog
Vehumet

Shops:
D:3 !   D:6 =

Annotations:
D:5 troll


Innate Abilities, Weirdness & Mutations

You have a pair of horns on your head.
You may rarely emit foul miasma when damaged in melee.
You regenerate health from kills.


Message History

You block the water moccasin's attack.
You barely miss the water moccasin.
Your headbutt misses the water moccasin.
The water moccasin is severely wounded.
You feel sick.
The water moccasin bites you but does no damage.
You barely miss the water moccasin.
The water moccasin is severely wounded.
You feel sick.
You are no longer poisoned.
The water moccasin bites you!
You are poisoned.
The water moccasin poisons you! The water moccasin closely misses you.
You closely miss the water moccasin.
The water moccasin is severely wounded.
You feel very sick. The water moccasin bites you.
* * * LOW HITPOINT WARNING * * *
You are more poisoned.
The water moccasin poisons you!
You closely miss the water moccasin.
You headbutt the water moccasin, but do no damage.
The water moccasin is severely wounded.
* * * LOW HITPOINT WARNING * * *
You feel very sick. The water moccasin bites you.
* * * LOW HITPOINT WARNING * * *
You are more poisoned.
The water moccasin poisons you! You block the water moccasin's attack.
You barely miss the water moccasin.
The water moccasin is severely wounded.
* * * LOW HITPOINT WARNING * * *
You feel extremely sick. The water moccasin closely misses you.
You barely miss the water moccasin.
The water moccasin is severely wounded.
* * * LOW HITPOINT WARNING * * *
You feel extremely sick. The water moccasin bites you!
You die...

##≈###......#..##..##
# ###............#
#.+########†.#
#.#........#.# #
#.#.+####'.#.# #.
#.#.#...)#.#.#
#.###.#.#.##.#.#.#
##...#)#.#.##.#.#.#
#......#.#@...#.#.#
....[..#.S####'.#.#
.......#...)....#
.....h.'########+
#...?........S.
##...##........ ###
#########


You could see a water moccasin.

Vanquished Creatures
  Pargi (D:3)
  A black bear (D:6)
  2 centaurs
  7 ogres
  2 phantoms (D:5)
  2 elf zombies (D:4)
  A kobold brigand (D:7)
  3 bullfrogs
  A necrophage (D:5)
  2 scorpions
  A water moccasin zombie (Ossuary)
  A howler monkey (D:7)
  An orc priest (D:6)
  3 hounds
  A human skeleton (D:4)
  4 iguanas
  4 orc wizards
  2 mummies (Ossuary)
  8 adders
  7 gnolls (D:6)
  A shadow imp (D:6)
  An ufetubus (D:4)
  2 adder zombies (Ossuary)
  2 worms
  5 dart slugs
  11 orcs
  3 bats
  8 endoplasms
  A giant cockroach (D:4)
  2 gnoll zombies (Ossuary)
  5 goblins
  5 hobgoblins
  3 jackals (D:3)
  11 kobolds
  5 quokkas
  5 ball pythons
  4 frilled lizards
  8 hobgoblin zombies (Ossuary)
  7 kobold zombies (Ossuary)
  2 orc skeletons (D:4)
  5 orc zombies
  2 rats (D:1)
152 creatures vanquished.

Vanquished Creatures (others)
  An orc (D:6)
1 creature vanquished.

Grand Total: 153 creatures vanquished

Notes
Turn   | Place    | Note
-------+----------+-------------------------------------------
     0 | D:1      | Cheops the Demonspawn Gladiator began the quest for the
                  | Orb.
     0 | D:1      | Reached XP level 1. HP: 16/16 MP: 1/1
    92 | D:1      | Reached skill level 3 in Long Blades
   232 | D:1      | Gained mutation: You regenerate a little health from kills.
                  | [demonic ancestry]
   232 | D:1      | Reached XP level 2. HP: 15/22 MP: 2/2
   653 | D:1      | Gained mutation: You have a pair of small horns on your
                  | head. [demonic ancestry]
   653 | D:1      | Reached XP level 3. HP: 27/27 MP: 3/3
   678 | D:1      | Found a faded altar of an unknown god.
   887 | D:2      | Reached skill level 4 in Long Blades
  1907 | D:3      | Reached XP level 4. HP: 19/33 MP: 4/4
  2138 | D:3      | Found a blossoming altar of Fedhas.
  2150 | D:3      | Found Ilynaf's Distillery.
  2158 | D:3      | Bought a potion of heal wounds for 65 gold pieces
  2158 | D:3      | Bought a potion of degeneration for 13 gold pieces
  2581 | D:3      | Noticed Pargi
  2593 | D:3      | Killed Pargi
  2594 | D:3      | Reached skill level 5 in Long Blades
  2594 | D:3      | Reached XP level 5. HP: 17/38 MP: 5/5
  3291 | D:4      | Reached skill level 6 in Long Blades
  3291 | D:4      | Reached XP level 6. HP: 36/44 MP: 6/6
  3302 | D:4      | Reached skill level 1 in Shields
  3357 | D:4      | Found a radiant altar of Vehumet.
  3357 | D:4      | Found a bloodstained altar of Trog.
  3642 | D:4      | Found a sand-covered staircase.
  3651 | Ossuary  | Entered an ossuary
  3725 | Ossuary  | Gained mutation: You regenerate health from kills. [demonic
                  | ancestry]
  3725 | Ossuary  | Reached XP level 7. HP: 37/50 MP: 7/7
  3746 | Ossuary  | Reached skill level 7 in Long Blades
  4551 | D:5      | Entered Level 5 of the Dungeon
  4777 | D:5      | Reached skill level 8 in Long Blades
  4868 | D:5      | Found a sacrificial altar of Ru.
  4998 | D:5      | Gained mutation: You may rarely emit foul miasma when
                  | damaged in melee. [demonic ancestry]
  4998 | D:5      | Reached XP level 8. HP: 49/56 MP: 8/8
  5409 | D:6      | Noticed a troll
  5769 | D:6      | Reached skill level 9 in Long Blades
  6150 | D:6      | Reached skill level 5 in Shields
  6177 | D:6      | Found a stormy altar of Qazlal.
  6192 | D:6      | Found an ancient bone altar of Kikubaaqudgha.
  6562 | D:6      | Found Remu's Jewellery Emporium.
  6677 | D:6      | Gained mutation: You have a pair of horns on your head.
                  | [demonic ancestry]
  6677 | D:6      | Reached XP level 9. HP: 48/61 MP: 9/9
  6983 | D:7      | Reached skill level 10 in Long Blades
  7175 | D:7      | HP: 1/61 [poisoned by a water moccasin]
  7175 | D:7      | Mangled by a water moccasin

Illustrated notes

Levels and vault maps discovered:
D:1:      nzn_arrival_water_spiral, layout_basic,
          ebering_ecumenical_altar_abandoned
D:2:      layout_loops_corners, chequers_hall_statues_wall_a, minivault_24
D:3:      layout_loops_corners, fedhas_altar_3, serial_shops,
          nicolae_shop_trees, uniq_pargi
D:4:      layout_rooms, chequers_temple_overflow_statue_of_worship,
          nicolae_ossuary_entry_catacombs
D:5:      layout_loops_ring, hangedman_ru_absence
D:6:      layout_basic, mainiacjoe_overflow_paths,
          nicolae_qazlal_scattered_showers, serial_shops,
          nicolae_shop_hallway_plus
D:7:      layout_rooms, minmay_temple_entry_waves, minivault_11,
          lightli_minifort

Skill      XL: |  1  2  3  4  5  6  7  8  9 |
---------------+----------------------------+-----
Long Blades    | 3 4 5 6 8 9 10 | 10.0
Shields        | 2 3 5 |  5.7
Dodging        | 3 |  3.2
Fighting       | |  2.0
Throwing       | |  1.7

Action                   |  1- 3 |  4- 6 |  7- 9 || total
-------------------------+-------+-------+-------++-------
Melee: Long sword        |    99 |   146 |   352 ||   597
       Headbutt          |     9 |    29 |    72 ||   110
Evoke: Phantom mirror    |       |       |     1 ||     1
  Use: Scroll            |       |     4 |     2 ||     6
       Potion            |       |       |     3 ||     3
 Stab: Sleeping          |     2 |     1 |       ||     3
Armor: Leather armour    |    25 |    49 |    34 ||   108
       Scale mail        |       |       |    56 ||    56
Dodge: Dodged            |    83 |    90 |   121 ||   294
Block: Kite shield       |       |    27 |   147 ||   174
